 Dungeon Crawl Stone Soup version 0.21.1-1-g345015f (webtiles) character file.

553 tidbits the Grave Robber (level 7, 29/51 HPs)
             Began as a Gnoll Necromancer on June 20, 2018.
             Quit the game in the Ecumenical Temple.
             The game lasted 00:10:13 (796 turns).

tidbits the Grave Robber (Gnoll Necromancer)         Turns: 796, Time: 00:10:13

Health: 29/51      AC:  1    Str: 11    XL:     7   Next: 29%
Magic:  12/15      EV: 19    Int: 19    God:
Gold:   136        SH:  3    Dex: 17    Spells: 4/17 levels left

rFire    . . .     SeeInvis .   b - +0 battleaxe
rCold    . . .     Gourm    .   (shield currently unavailable)
rNeg     . . .     Faith    .   B - +0 robe
rPois    .         Spirit   .   (no helmet)
rElec    .         Reflect  +   (no cloak)
rCorr    .         Harm     .   (no gloves)
MR       .....     Clarity  +   (no boots)
Stlth    +++.......             q - +3 amulet of reflection
HPRegen  0.17/turn              h - ring of flight
MPRegen  0.14/turn              V - +4 ring of evasion

@: no status effects
A: distributed training, fangs 1, thin skeletal structure 1, clarity, deformed
body, strong nose
a: Evoke Flight


You were in the Ecumenical Temple.
You were not hungry.

You visited 2 branches of the dungeon, and saw 7 of its levels.

You collected 136 gold pieces.

Inventory:

Hand Weapons
 a - a +0 dagger
 b - a +0 battleaxe (weapon)
 n - a +0 shortbow
Missiles
 i - 4 tomahawks (quivered)
 o - 28 arrows
Armour
 m - a +2 robe of the Archmagi
   (You took it off Blork the orc on level 5 of the Dungeon)
 B - a +0 robe (worn)
Jewellery
 h - a ring of flight (left hand)
   (You found it on level 2 of the Dungeon)
 q - a +3 amulet of reflection (around neck)
   (You found it on level 6 of the Dungeon)
 V - a +4 ring of evasion (right hand)
   (You found it on level 4 of the Dungeon)
Wands
 l - a wand of iceblast (4)
Scrolls
 f - 2 scrolls of enchant weapon {unknown}
 g - a scroll of fear {unknown}
 k - a scroll of noise {unknown}
 r - a scroll of remove curse
Potions
 j - a potion of agility
 p - a potion of might {unknown}
 s - 2 potions of lignification {unknown}
Books
 d - a book of Flames
   (You found it on level 5 of the Dungeon)

   Spells                             Type                      Level
   a - Flame Tongue                   Conjuration/Fire             1
   b - Throw Flame                    Conjuration/Fire             2
   c - Conjure Flame                  Conjuration/Fire             3
   d - Inner Flame                    Hexes/Fire                   3
   e - Sticky Flame                   Conjuration/Fire             4
   f - Fireball                       Conjuration/Fire             5
 e - a book of Necromancy

   Spells                             Type                      Level
   a - Pain                           Necromancy                   1
   b - Animate Skeleton               Necromancy                   1
   c - Vampiric Draining              Necromancy                   3
   d - Regeneration                   Charms/Necromancy            3
   e - Animate Dead                   Necromancy                   4
   f - Borgnjor's Vile Clutch         Necromancy/Earth             5
Comestibles
 c - 4 rations


   Skills:
 + Level 2.3 Fighting
 + Level 2.3 Short Blades
 + Level 2.3 Long Blades
 + Level 2.3 Axes
 + Level 2.3 Maces & Flails
 + Level 2.3 Polearms
 + Level 2.3 Staves
 + Level 2.3 Slings
 + Level 2.3 Bows
 + Level 2.3 Crossbows
 + Level 2.3 Throwing
 + Level 2.3 Armour
 + Level 5.2 Dodging
 + Level 4.8 Stealth
 + Level 2.3 Shields
 + Level 2.3 Unarmed Combat
 + Level 5.5 Spellcasting
 + Level 1.9 Conjurations
 + Level 1.9 Hexes
 + Level 1.9 Charms
 + Level 1.9 Summonings
 + Level 7.4 Necromancy
 + Level 1.9 Translocations
 + Level 1.9 Transmutations
 + Level 1.9 Fire Magic
 + Level 1.9 Ice Magic
 + Level 1.9 Air Magic
 + Level 1.9 Earth Magic
 + Level 1.9 Poison Magic
 + Level 2.6 Invocations
 + Level 2.3 Evocations


You had 4 spell levels left.
You knew the following spells:

 Your Spells              Type           Power        Failure   Level  Hunger
a - Pain                  Necr           ####         1%          1    None
d - Vampiric Draining     Necr           ####......   1%          3    ##.....
n - Animate Skeleton      Necr           N/A          1%          1    None
r - Regeneration          Chrm/Necr      ###.......   4%          3    ##.....
v - Borgnjor's Vile Clut  Necr/Erth      ###.......   43%         5    #####..


Dungeon Overview and Level Annotations

Branches:
Dungeon (6/15)             Temple (1/1) D:6

Altars:
Ashenzari
Dithmenos
Fedhas
Hepliaklqana
Makhleb
Nemelex Xobeh
Okawaru
Qazlal
Ru
Sif Muna
Trog
Uskayaw
Vehumet
Wu Jian
Xom
Yredelemnul
Zin
The Shining One


Innate Abilities, Weirdness & Mutations

Your experience applies equally to all skills.
You have very sharp teeth.
Your uncanny sense of smell can sniff out nearby items.
You have a somewhat thin skeletal structure. (Dex +2, Stealth)
You possess an exceptional clarity of mind.
Armour fits poorly on your strangely shaped body.


Message History

Aim: a bullfrog (lightly wounded, chance to defeat MR: 84%)
The bullfrog writhes in agony!
Casting: Pain
Confirm with . or Enter, or press ? or * to list all spells.
Aiming: Pain
Press: ? - help, Shift-Dir - straight line, f/p - bullfrog
Aim: a bullfrog (moderately wounded, chance to defeat MR: 84%)
The bullfrog barely resists.
The bullfrog hits you.
* * * LOW HITPOINT WARNING * * *
Casting: Pain
Confirm with . or Enter, or press ? or * to list all spells.
Your skin crawls.
The bullfrog barely misses you.
Unknown command.
You barely miss the bullfrog.
The bullfrog is moderately wounded.
You barely miss the quokka. The bullfrog hits you.
* * * LOW HITPOINT WARNING * * *
The quokka completely misses you. The bullfrog closely misses you.
The quokka misses you. The bullfrog hits you!
* * * LOW HITPOINT WARNING * * *
A worm comes into view.
You hit the bullfrog.
The bullfrog is heavily wounded.
You hit the quokka.
You are feeling very hungry.
The bullfrog misses you. The quokka misses you. The bullfrog hits you.
* * * LOW HITPOINT WARNING * * *
The quokka closely misses you.
You slash the bullfrog!
You kill the bullfrog!
You hit the quokka.
You kill the quokka!
Your skin is crawling a little less now.
You see here 11 gold pieces.
You now have 136 gold pieces (gained 11).
Your skin stops crawling.
Found a ring mail.
Found 2 murky red potions.
A hound comes into view.
You see here 2 murky red potions.
s - 2 murky red potions You open the door.
Found 14 gold pieces.
There is an open door here.
An adder comes into view.
You close the door.
Found 8 gold pieces.
An orc wizard comes into view. It is wielding a dagger.
Found 9 gold pieces.
Found a staircase to the Ecumenical Temple.
The helpless adder fails to defend itself.
You slash the adder!
The adder is almost dead.
The adder closely misses you. The adder misses you.
You closely miss the adder. Your bite misses the adder.
The adder is almost dead.
The adder completely misses you. The adder bites you but does no damage.
You barely miss the adder.
The adder is almost dead.
The adder bites you.
* * * LOW HITPOINT WARNING * * *
The adder completely misses you. The adder misses you.
You hit the adder.
You kill the adder!
Found 13 gold pieces.
Your magical contamination has completely faded away.
Found a scroll of teleportation.
You enter the shallow water.
Moving in this stuff is going to be slow.
An orc comes into view. It is wielding a flail.
The orc shouts!
You hear a shout!
An orc comes into view.
Unknown command.
There is a staircase to the Ecumenical Temple here.
The orc misses you.
You climb downwards.
Welcome to the Ecumenical Temple!
Found an iron altar of Okawaru and a hide-covered altar of Uskayaw.
There is a staircase back to the Dungeon here.
Unknown command.
You hit the orc.
You kill the orc!
Found a glowing golden altar of the Shining One.
Things that are here:
a flail; an orc corpse You butcher the orc corpse.
Things that are here:
a flail; a chunk of flesh; an orc skeleton Eat a chunk of flesh? (ye/n/q)
You eat the chunk of flesh.
This raw flesh tastes terrible.
Found a blossoming altar of Fedhas.
Found a hazy altar of Hepliaklqana and a shadowy altar of Dithmenos.
Found a shattered altar of Ashenzari.
Found a bloodstained altar of Trog.
Why would you want to do that? Why would you want to do that?
Found a stormy altar of Qazlal.
Found a radiant altar of Vehumet.
Found a shimmering altar of Xom.
Found a glowing silver altar of Zin.
Are you sure you want to abandon this character and quit the game? (Confirm with "yes".)

########≈≈≈_......≈≈≈#
≈≈≈≈≈≈≈≈≈≈≈≈≈≈≈......≈≈≈
....._..≈≈≈≈≈≈≈≈≈.....≈≈
.._..........≈≈≈≈≈....≈≈
≈................≈....≈≈
≈≈.....≈≈≈≈≈≈........≈≈≈
#≈≈.≈≈≈≈≈≈.......).≈≈≈..
##≈≈≈≈≈≈........<.......
#≈≈≈≈..@...≈≈≈.........≈
≈≈≈......≈≈≈........≈≈≈≈
≈≈......≈≈≈....≈........
≈......≈≈≈≈....≈≈≈≈≈....
._...._.≈≈≈.....≈≈≈≈≈≈≈≈
≈≈≈≈≈≈≈≈≈≈≈≈......≈≈≈≈≈≈
##########≈≈≈......_≈≈≈#
##≈≈≈.._..≈≈≈##
##≈≈≈...≈≈≈##


There were no monsters in sight!

Vanquished Creatures
  A centaur (D:6)
  An ogre (D:4)
  A bullfrog (D:6)
  Blork the orc (D:5)
  A bullfrog skeleton (D:5)
  A hound (D:4)
  An orc wizard (D:4)
  Natasha (twice) (D:2)
  2 worker ants
  3 adders
  A shadow imp (D:6)
  A worm (D:3)
  8 orcs
  2 bats (D:1)
  3 giant cockroaches
  A goblin (D:1)
  3 hobgoblins
  A jackal (D:4)
  2 quokkas
  4 frilled lizards
  A kobold (D:2)
  A leopard gecko skeleton (D:5)
  5 rats
47 creatures vanquished.

Vanquished Creatures (collateral kills)
  A jackal (D:4)
1 creature vanquished.

Grand Total: 48 creatures vanquished

Notes
Turn   | Place    | Note
-------+----------+-------------------------------------------
     0 | D:1      | tidbits the Gnoll Necromancer began the quest for the Orb.
     0 | D:1      | Reached XP level 1. HP: 13/13 MP: 6/6
    62 | D:2      | Noticed Natasha
    78 | D:1      | Reached XP level 2. HP: 11/19 MP: 3/7
    88 | D:2      | Killed Natasha
    88 | D:2      | Reached skill level 5 in Spellcasting
    88 | D:2      | Reached XP level 3. HP: 6/25 MP: 3/9
    93 | D:2      | Learned a level 3 spell: Regeneration
    98 | D:2      | Learned a level 3 spell: Vampiric Draining
   100 | D:2      | Learned a level 1 spell: Animate Skeleton
   100 | D:2      | Noticed Natasha
   190 | D:2      | Reached skill level 1 in Invocations
   191 | D:2      | Gained mutation: Your mind is acute. (Int +2) [potion of mutation]
   191 | D:2      | Gained mutation: You have sharp toenails. [potion of mutation]
   195 | D:2      | Killed Natasha
   195 | D:2      | Reached skill level 1 in Fighting
   195 | D:2      | Reached skill level 1 in Short Blades
   195 | D:2      | Reached skill level 1 in Long Blades
   195 | D:2      | Reached skill level 1 in Axes
   195 | D:2      | Reached skill level 1 in Maces & Flails
   195 | D:2      | Reached skill level 1 in Polearms
   195 | D:2      | Reached skill level 1 in Staves
   195 | D:2      | Reached skill level 1 in Slings
   195 | D:2      | Reached skill level 1 in Bows
   195 | D:2      | Reached skill level 1 in Crossbows
   195 | D:2      | Reached skill level 1 in Throwing
   195 | D:2      | Reached skill level 1 in Armour
   195 | D:2      | Reached skill level 1 in Shields
   195 | D:2      | Reached skill level 1 in Unarmed Combat
   195 | D:2      | Reached skill level 1 in Evocations
   195 | D:2      | Reached XP level 4. HP: 6/32 MP: 0/11
   212 | D:2      | Lost mutation: You have sharp toenails. [potion of mutation]
   212 | D:2      | Lost mutation: Your mind is acute. (Int +2) [potion of mutation]
   212 | D:2      | Gained mutation: You have a somewhat thin skeletal structure. (Dex +2, Stealth) [potion of mutation]
   212 | D:2      | Gained mutation: Armour fits poorly on your strangely shaped body. [potion of mutation]
   212 | D:2      | Gained mutation: You possess an exceptional clarity of mind. [potion of mutation]
   314 | D:3      | Found a sacrificial altar of Ru.
   320 | D:3      | Found a burning altar of Makhleb.
   320 | D:3      | Found an ornate altar of the Wu Jian Council.
   323 | D:3      | Found a basalt altar of Yredelemnul.
   323 | D:3      | Found a deep blue altar of Sif Muna.
   363 | D:4      | Reached skill level 1 in Conjurations
   363 | D:4      | Reached skill level 1 in Hexes
   363 | D:4      | Reached skill level 1 in Charms
   363 | D:4      | Reached skill level 1 in Summonings
   363 | D:4      | Reached skill level 1 in Translocations
   363 | D:4      | Reached skill level 1 in Transmutations
   363 | D:4      | Reached skill level 1 in Fire Magic
   363 | D:4      | Reached skill level 1 in Ice Magic
   363 | D:4      | Reached skill level 1 in Air Magic
   363 | D:4      | Reached skill level 1 in Earth Magic
   363 | D:4      | Reached skill level 1 in Poison Magic
   387 | D:4      | Reached XP level 5. HP: 25/37 MP: 0/12
   464 | D:4      | Noticed an ogre
   467 | D:4      | Killed an ogre
   467 | D:4      | Reached XP level 6. HP: 31/44 MP: 7/13
   478 | D:4      | Reached skill level 2 in Invocations
   498 | D:5      | Entered Level 5 of the Dungeon
   527 | D:4      | Learned a level 5 spell: Borgnjor's Vile Clutch
   532 | D:5      | Found a sparkling altar of Nemelex Xobeh.
   552 | D:5      | Noticed Blork the orc
   565 | D:5      | Killed Blork the orc
   565 | D:5      | Reached skill level 2 in Fighting
   565 | D:5      | Reached skill level 2 in Short Blades
   565 | D:5      | Reached skill level 2 in Long Blades
   565 | D:5      | Reached skill level 2 in Axes
   565 | D:5      | Reached skill level 2 in Maces & Flails
   565 | D:5      | Reached skill level 2 in Polearms
   565 | D:5      | Reached skill level 2 in Staves
   565 | D:5      | Reached skill level 2 in Slings
   565 | D:5      | Reached skill level 2 in Bows
   565 | D:5      | Reached skill level 2 in Crossbows
   565 | D:5      | Reached skill level 2 in Throwing
   565 | D:5      | Reached skill level 2 in Armour
   565 | D:5      | Reached skill level 5 in Dodging
   565 | D:5      | Reached skill level 2 in Shields
   565 | D:5      | Reached skill level 2 in Unarmed Combat
   565 | D:5      | Reached skill level 2 in Evocations
   569 | D:5      | Noticed an ice beast
   633 | D:6      | Reached XP level 7. HP: 43/50 MP: 13/15
   751 | D:6      | Found a staircase to the Ecumenical Temple.
   764 | Temple   | Entered the Ecumenical Temple
   796 | Temple   | Quit the game

Skill      XL: |  1  2  3  4  5  6 |
---------------+-------------------+-----
Spellcasting   | 5 |  5.5
Invocations    | 1 2 |  2.6
Fighting       | 1 2 |  2.3
Short Blades   | 1 2 |  2.3
Long Blades    | 1 2 |  2.3
Axes           | 1 2 |  2.3
Maces & Flails | 1 2 |  2.3
Polearms       | 1 2 |  2.3
Staves         | 1 2 |  2.3
Slings         | 1 2 |  2.3
Bows           | 1 2 |  2.3
Crossbows      | 1 2 |  2.3
Throwing       | 1 2 |  2.3
Armour         | 1 2 |  2.3
Shields        | 1 2 |  2.3
Unarmed Combat | 1 2 |  2.3
Evocations     | 1 2 |  2.3
Conjurations   | 1 |  1.9
Hexes          | 1 |  1.9
Charms         | 1 |  1.9
Summonings     | 1 |  1.9
Translocations | 1 |  1.9
Transmutations | 1 |  1.9
Fire Magic     | 1 |  1.9
Ice Magic      | 1 |  1.9
Air Magic      | 1 |  1.9
Earth Magic    | 1 |  1.9
Poison Magic   | 1 |  1.9
Dodging        | 5 |  5.2
Stealth        | |  4.8
Necromancy     | |  7.4

Action                   |  1- 3 |  4- 6 |  7- 9 || total
-------------------------+-------+-------+-------++-------
Melee: Dagger            |     9 |    25 |       ||    34
       Bite              |     1 |     4 |     2 ||     7
       Battleaxe         |       |    25 |    26 ||    51
 Cast: Pain              |    20 |    30 |     3 ||    53
       Regeneration      |     1 |     4 |     3 ||     8
       Animate Skeleton  |       |     1 |       ||     1
       Vampiric Draining |       |     1 |       ||     1
       Borgnjor's Vile C |       |       |     1 ||     1
Evoke: Wand              |       |    12 |       ||    12
  Use: Potion            |     1 |     1 |       ||     2
       Scroll            |       |     4 |       ||     4
 Stab: Sleeping          |     1 |     1 |     1 ||     3
  Eat: Chunk             |       |       |     1 ||     1
Armor: Robe              |     2 |     5 |     1 ||     8
Dodge: Dodged            |    10 |    69 |    35 ||   114

Table legend:
 A = Turns spent in this place as a percentage of turns spent in the entire game.
 B = Non-inter-level travel turns spent in this place as a percentage of non-inter-level travel turns spent in the entire game.
 C = Inter-level travel turns spent in this place as a percentage of turns spent in this place.
 D = Turns resting spent in this place as a percentage of non-inter-level travel turns spent in this place.
 E = Turns spent auto-exploring this place as a percentage of non-inter-level travel turns spent in this place.
 F = Non-inter-level travel turns spent in this place divided by the number of levels of this place that you've seen.
                   A       B       C       D       E      F
               +-------+-------+-------+-------+-------+----------------------
         Total | 100.0 | 100.0 |   0.0 |   0.0 |   0.0 | 113.7
       Dungeon |  96.0 |  96.0 |   0.0 |   0.0 |   0.0 | 127.3
        Temple |   4.0 |   4.0 |   0.0 |   0.0 |   0.0 |  32.0
               +-------+-------+-------+-------+-------+----------------------

Table legend:
 A = Kills in this place as a percentage of kills in entire the game.
 B = Kills by you in this place as a percentage of kills by you in the entire game.
 C = Kills by friends in this place as a percentage of kills by friends in the entire game.
 D = Other kills in this place as a percentage of other kills in the entire game.
 E = Experience gained in this place as a percentage of experience gained in the entire game.
 F = Experience gained in this place divided by the number of levels of this place that you have seen.
                   A       B       C       D       E      F
               +-------+-------+-------+-------+-------+----------------------
         Total | 100.0 | 100.0 | 100.0 |   N/A | 100.0 | 113.0
       Dungeon |  97.9 |  97.9 | 100.0 |   N/A |  99.6 | 131.3
        Temple |   2.1 |   2.1 |   0.0 |   N/A |   0.4 |   3.0
               +-------+-------+-------+-------+-------+----------------------

Vault maps used:
D:1:      lordsloth_arrival_two_stooges, minmay_misc_feat_diagonals
D:2:      lemuel_doored_altar, uniq_natasha
D:3:      wad_lake_hut, grunt_temple_overflow_open, cheibriados_altar_1
D:4:      serial_shops, shop_fountains, st_stairs_10, uniq_grinder
D:5:      first_ration, basic_altar, uniq_blork_the_orc
D:6:      minmay_temple_entry_water_ring, serial_glass, glass_columns_c,
          glass_columns_a, basic_altar, uniq_edmund
Temple:   hc_temple_tempest_star
